 Dungeon Crawl Stone Soup version 0.18.1-8-gdd0e5ea (webtiles) character file.

103 LORDOFBUTT the Chopper (level 4, -19/41 HPs)
             Began as a Minotaur Chaos Knight on May 24, 2016.
             Demolished by a manticore (22 damage)
             ... on level 2 of the Dungeon.
             The game lasted 00:04:25 (9303 turns).

LORDOFBUTT the Chopper (Minotaur Chaos Knight)      Turns: 9303, Time: 00:04:26

Health: -19/41     AC:  5    Str: 16    XL:     4   Next: 51%
Magic:  3/3        EV: 12    Int:  9    God:    Xom [...*..]
Gold:   88         SH:  0    Dex: 11    Spells: 0 memorised, 3 levels left

rFire  . . .     SeeInvis .     a - +0 hand axe (chaos)
rCold  . . .     Gourm    .     b - +2 leather armour
rNeg   . . .     Faith    .     (no shield)
rPois  +         Spirit   .     (helmet restricted)
rElec  .         Dismiss  .     (no cloak)
rCorr  .         Reflect  .     (no gloves)
SustAt .         Harm     .     (no boots)
MR     .....                    (no amulet)
Stlth  +.........               (no ring)
                                (no ring)

@: not resistant to hostile enchantments, very unstealthy
A: retaliatory headbutt, horns 2, mutation resistance 1, poison resistance
a: Renounce Religion


You were on level 2 of the Dungeon.
You worshipped Xom.
You were a favourite toy of Xom.
You were not hungry.

You visited 1 branch of the dungeon, and saw 2 of its levels.

You collected 88 gold pieces.

Inventory:

Hand Weapons
 a - a +0 hand axe of chaos (weapon)
Armour
 b - a +2 leather armour (worn)
Jewellery
 h - an uncursed ring of see invisible {unknown}
Scrolls
 e - 3 scrolls of identify {unknown}
 f - 2 scrolls of remove curse {unknown}
 g - 2 scrolls of enchant armour {unknown}
 j - a scroll of enchant weapon {unknown}
Potions
 c - a potion of mutation {unknown}
 d - a potion of magic {unknown}
Comestibles
 i - 2 chunks of flesh


   Skills:
 + Level 4.4 Fighting
 + Level 4.7 Axes
 + Level 3.0 Armour
 + Level 2.3 Dodging
 + Level 1.0 Stealth


You had 3 spell levels left.
You didn't know any spells.

Dungeon Overview and Level Annotations

Branches:
Dungeon (2/15)

Altars:
Xom
The Shining One


Innate Abilities, Weirdness & Mutations

You reflexively headbutt those who attack you in melee.
You have a pair of horns on your head.
You are somewhat resistant to further mutation.
Your system is resistant to poisons.


Message History

You hit the manticore but do no damage. The manticore bites you!
The manticore claws you. The manticore closely misses you.
The dart slug closely misses you.
You slash the dart slug!
You kill the dart slug!
Your Stealth skill increases to level 1!
You hit the manticore but do no damage.
The area is suffused with divine lightning!
The blast of lightning engulfs you! You resist.
The blast of lightning engulfs the manticore.
Your divine protection wanes.
You hear a shout!
The manticore bites you!
* * * LOW HITPOINT WARNING * * *
The manticore claws you.
* * * LOW HITPOINT WARNING * * *
The manticore completely misses you. The manticore bites you!!
Ouch! That really hurt!
You die...
Xom laughs nastily! ........).......# #........# .P.PPPPP.P#####.## #.######.# ...P.....P# #..#####.######.# .P(P.P.P.P# ##..............# .P...P.P.P# ####..####.########## PP.PPPPPPP# #<....#.............. ...).P...P# #####..#.#.########## .P.PPP.PPP####.........##### ...P...P........@..........# #### PP.P.P.P.P####.#.H...#####.###... †..P.P...P# #.#.#...# #.#.....
PPPPPP.PPP#

#.#.#...#####.#.#.##
....##.####
#.#.........#.#.#...
..........#
#.####.#.##.#.#.#..#
..........# #.#
#.#.##.#.#.#..#
...)......#
#.####.(.##.#.#.#..#
..........#
#.#.............#...


You could see a manticore.

Vanquished Creatures
  2 adders
  An ooze (D:2)
  A worm (D:2)
  2 dart slugs
  A giant gecko (D:1)
  7 bats (D:1)
  3 goblins
  14 hobgoblins
  8 jackals
  13 kobolds
  5 giant newts
  9 rats
  5 bushes (D:2)
71 creatures vanquished.

Vanquished Creatures (others)
  3 bushes (D:2)
  2 fire vortices (D:2)
5 creatures vanquished.

Grand Total: 76 creatures vanquished

Notes
Turn   | Place    | Note
--------------------------------------------------------------
     0 | D:1      | LORDOFBUTT the Minotaur Chaos Knight began the quest for the Orb.
     0 | D:1      | Reached XP level 1. HP: 19/19 MP: 0/0
    88 | D:1      | Reached XP level 2. HP: 27/27 MP: 1/1
   209 | D:1      | Reached XP level 3. HP: 25/33 MP: 2/2
   280 | D:1      | Found a glowing golden altar of the Shining One.
   288 | D:1      | XOM: smoke on damage
   395 | D:1      | XOM: silly message
   503 | D:1      | XOM: mild Necr miscast
  2593 | D:1      | XOM: harmless Erth miscast
  2983 | D:1      | XOM: noise
  3338 | D:1      | XOM: colour smoke trail
  3516 | D:1      | XOM: colour smoke trail
  3611 | D:1      | XOM: colour smoke trail
  4031 | D:1      | XOM: harmless Erth miscast
  4403 | D:1      | XOM is BORED!
  4403 | D:1      | XOM: summons 2 hostile shadow creatures
  4615 | D:1      | XOM: mild Air miscast
  4784 | D:2      | XOM: mild Pois miscast
  4807 | D:2      | Reached XP level 4. HP: 35/41 MP: 3/3
  5275 | D:2      | XOM: scenery: 1 doors open
  5481 | D:2      | XOM: summons 2 hostile demons
  5599 | D:2      | XOM: vitrification
  5928 | D:2      | XOM: give mutations
  5928 | D:2      | Gained mutation: Your system is resistant to poisons. [Xom's grace]
  5928 | D:2      | Gained mutation: You are somewhat resistant to further mutation. [Xom's grace]
  7090 | D:2      | XOM: harmless Chrm miscast
  7288 | D:2      | XOM: severe Chrm miscast
  8090 | D:2      | XOM: scenery: create altars
  8265 | D:2      | XOM: harmless Divn miscast
  8372 | D:2      | XOM: colour smoke trail
  8557 | D:2      | XOM: noise
  8854 | D:2      | XOM: harmless Fire miscast
  9006 | D:2      | XOM: scenery: 1 doors close
  9298 | D:2      | Noticed a manticore
  9303 | D:2      | Reached skill level 1 in Stealth
  9303 | D:2      | XOM: divine lightning (protected)
  9303 | D:2      | Demolished by a manticore

Skill      XL: |  1  2  3  4 |
---------------+-------------+-----
Fighting       | 4 |  4.4
Axes           | 4 |  4.7
Dodging        | 2 |  2.3
Armour         | 3 |  3.0
Stealth        | 1 |  1.0

Action                   |  1- 3 |  4- 6 || total
-------------------------+-------+-------++-------
Melee: Hand axe          |   106 |   164 ||   270
       Headbutt          |    11 |    50 ||    61
  Eat: Bread ration      |     2 |     1 ||     3
       Chunk             |     1 |     2 ||     3
       Beef jerky        |     1 |       ||     1
       Pizza             |       |     2 ||     2
       Meat ration       |       |     1 ||     1
Armor: Leather armour    |    47 |    10 ||    57
Dodge: Dodged            |    65 |    29 ||    94
